 Dungeon Crawl Stone Soup version 0.18-a0-1805-g8ab820f (webtiles) character file.

327 st0uf the Covered (level 6, -1/53 HPs)
             Began as a Minotaur Fighter on Apr 25, 2016.
             Slain by skk's ghost (12 damage)
             ... on level 4 of the Dungeon.
             The game lasted 00:09:10 (1992 turns).

st0uf the Covered (Minotaur Fighter)                Turns: 1992, Time: 00:09:11

Health: -1/53      AC: 11    Str: 21    XL:     6   Next: 24%
Magic:  5/5        EV:  2    Int:  5    God:
Gold:   243        SH: 10    Dex: 13    Spells: 0 memorised, 5 levels left

rFire  + . .     SeeInvis .     a - +0 long sword
rCold  . . .     Gourm    .     v - +0 chain mail {rF+}
rNeg   . . .     Faith    .     c - +0 shield
rPois  .         Spirit   .     (helmet restricted)
rElec  .         Dismiss  .     r - +0 cloak
rCorr  .         Reflect  .     (no gloves)
SustAt .         Harm     .     (no boots)
MR     .....                    (no amulet)
Stlth  ..........               (no ring)
                                g - +2 ring of dexterity

@: not resistant to hostile enchantments, extremely unstealthy
A: retaliatory headbutt, horns 2
a: no special abilities


You were on level 4 of the Dungeon.
You were not hungry.

You visited 1 branch of the dungeon, and saw 4 of its levels.

You collected 243 gold pieces.

Inventory:

Hand Weapons
 a - a +0 long sword (weapon)
Armour
 c - a +0 shield (worn)
 r - a +0 cloak (worn)
 v - a +0 chain mail of fire resistance (worn)
Jewellery
 g - a +2 ring of dexterity (left hand)
Wands
 y - a wand of disintegration (11/24)
Scrolls
 h - 5 scrolls of identify
 n - a scroll of fear
 p - a scroll of remove curse
 u - 2 scrolls of amnesia
 x - a scroll of magic mapping {unknown}
Potions
 b - a potion of lignification {unknown}
 d - 2 potions of might
 e - 3 potions of curing
 l - a potion of haste {unknown}
 m - 2 potions of heal wounds {unknown}
 o - 3 potions of mutation {unknown}
 t - 2 potions of magic {unknown}
Comestibles
 f - 3 bread rations
 i - 3 chunks of flesh
 j - 3 fruits
 k - 3 meat rations
 q - a beef jerky
 s - a slice of pizza
 w - a royal jelly


   Skills:
 + Level 4.7 Fighting
 + Level 4.2 Long Blades
 + Level 5.2 Armour
 + Level 2.3 Dodging
 + Level 5.1 Shields


You had 5 spell levels left.
You didn't know any spells.

Dungeon Overview and Level Annotations

Branches:
Dungeon (4/15)
 Temple: D:4-7

Altars:
Nemelex Xobeh
Sif Muna

Annotations:
D:4 skk's ghost, amateur TrMo


Innate Abilities, Weirdness & Mutations

You reflexively headbutt those who attack you in melee.
You have a pair of horns on your head.


Message History

Skk's ghost hits you!
You closely miss skk's ghost. Your headbutt misses skk's ghost.
Skk's ghost barely misses you.
You closely miss skk's ghost. You headbutt skk's ghost.
Skk's ghost is lightly damaged.
Skk's ghost barely misses you. You furiously retaliate!
You headbutt skk's ghost. Skk's ghost hits you.
You closely miss skk's ghost. Your headbutt misses skk's ghost.
Skk's ghost is lightly damaged.
Skk's ghost hits you but does no damage.
You hit skk's ghost.
You headbutt skk's ghost, but do no damage.
Skk's ghost is moderately damaged.
Skk's ghost hits you!
You hit skk's ghost.
Skk's ghost is moderately damaged.
You block skk's ghost's attack. Skk's ghost hits you!
* * * LOW HITPOINT WARNING * * *
Skk's ghost hits you!
You die...

#### .## ..#
.....##.###
#......@W.#
#.####.##...#
#. #..# ..
... ### #


You could see skk's ghost.

Vanquished Creatures
  Crazy Yiuf (D:2)
  2 orc wizards (D:3)
  Jessica (D:2)
  Ijyb (D:2)
  Natasha (thrice) (D:2)
  5 adders
  3 worms
  2 dart slugs
  4 giant geckos
  3 orcs
  3 giant cockroaches
  4 goblins
  5 hobgoblins
  3 jackals (D:1)
  5 kobolds
  3 ball pythons (D:1)
  4 bats
  5 giant newts
  5 rats
62 creatures vanquished.

Notes
Turn   | Place    | Note
--------------------------------------------------------------
     0 | D:1      | st0uf the Minotaur Fighter began the quest for the Orb.
     0 | D:1      | Reached XP level 1. HP: 19/19 MP: 0/0
    95 | D:1      | Reached XP level 2. HP: 21/27 MP: 1/1
   176 | D:1      | Found a sparkling altar of Nemelex Xobeh.
   612 | D:1      | Reached XP level 3. HP: 33/33 MP: 2/2
   618 | D:2      | Noticed Ijyb
   623 | D:2      | Killed Ijyb
   692 | D:2      | Noticed Jessica
   694 | D:2      | Noticed Natasha
   933 | D:1      | Reached XP level 4. HP: 34/40 MP: 3/3
  1025 | D:2      | Killed Natasha
  1025 | D:2      | Reached skill level 1 in Dodging
  1064 | D:2      | Killed Jessica
  1090 | D:2      | Noticed Natasha
  1094 | D:2      | Killed Natasha
  1094 | D:2      | Reached XP level 5. HP: 43/47 MP: 4/4
  1106 | D:2      | Noticed Natasha
  1109 | D:2      | Killed Natasha
  1152 | D:2      | Noticed Crazy Yiuf
  1154 | D:2      | Killed Crazy Yiuf
  1200 | D:2      | Found a deep blue altar of Sif Muna.
  1394 | D:2      | Reached skill level 5 in Armour
  1451 | D:3      | Reached skill level 5 in Shields
  1536 | D:3      | Reached XP level 6. HP: 52/53 MP: 5/5
  1944 | D:4      | Noticed skk's ghost (amateur TrMo)
  1992 | D:4      | Slain by skk's ghost

Vault maps used:
D:1:      dpeg_arrival_arbitrary_b, minmay_misc_feat_roman, serial_bayou_pond_d,
          nemelex_diamond_rough_becter
D:2:      nicolae_overflow_crystal_walls, uniq_natasha, uniq_jessica, uniq_iyjb,
          uniq_crazy_yiuf_cottage
D:3:      first_bread, serial_glass, glass_columns_c, glass_columns_a
D:4:      grunt_temple_overflow_octagram

Skill      XL: |  1  2  3  4  5  6 |
---------------+-------------------+-----
Fighting       | 4 |  4.7
Armour         | 4 5 |  5.2
Shields        | 4 5 |  5.1
Long Blades    | 3 4 |  4.2
Dodging        | 1 2 |  2.3

Action                   |  1- 3 |  4- 6 || total
-------------------------+-------+-------++-------
Melee: Long sword        |    69 |    97 ||   166
       Headbutt          |    19 |    25 ||    44
  Use: Scroll            |     6 |       ||     6
  Eat: Chunk             |       |     4 ||     4
Armor: Scale mail        |    30 |    27 ||    57
       Chain mail        |       |     9 ||     9
Dodge: Dodged            |    16 |    20 ||    36
Block: Shield            |    34 |    49 ||    83
